 Dungeon Crawl Stone Soup version 0.16.1-4-g8e1b745 (webtiles) character file.

14 RobertPalmer the Grasshopper (level 2, -1/19 HPs)
             Began as an Octopode Warper on Mar 27, 2015.
             Slain by a jackal (3 damage)
             ... on level 1 of the Dungeon.
             The game lasted 00:00:32 (284 turns).

RobertPalmer the Grasshopper (Octopode Warper)       Turns: 284, Time: 00:00:32

Health: -1/19      AC:  1    Str: 10    XL:     2   Next: 41%
Magic:  4/4        EV: 12    Int: 15    God:
Gold:   9          SH:  0    Dex: 11    Spells: 1 memorised, 4 levels left

rFire  . . .     SeeInvis .     a - +0 short sword
rCold  . . .     Clarity  .     (no shield)
rNeg   . . .     SustAb   .     (helmet restricted)
rPois  .         Gourm    .     (no amulet)
rElec  .         Spirit   .     (no ring)
rCorr  .         Warding  .     (no ring)
rMut   .         Stasis   .     (no ring)
MR     .....                    (no ring)
Stlth  ++........               (no ring)
                                (no ring)
                                (no ring)
                                (no ring)

@: not resistant to hostile enchantments, unstealthy
A: almost no armour, amphibious, 8 rings, constrict 8, camouflage 1, gelatinous
body 1
a: no special abilities


You were on level 1 of the Dungeon.
You were not hungry.

You visited 1 branch of the dungeon, and saw 1 of its levels.

You collected 9 gold pieces.

Inventory:

Hand weapons
 a - a +0 short sword (weapon)
Missiles
 e - 5 tomahawks of dispersal {=f}
Scrolls
 d - a scroll of blinking {!r}
 g - a scroll of teleportation {unknown}
 h - a scroll of immolation {unknown}
Potions
 b - a potion of invisibility {unknown}
 i - a potion of agility {unknown}
Books
 c - a book of Spatial Translocations
Comestibles
 f - a bread ration {@e1}


   Skills:
 - Level 2.0 Fighting
 + Level 3.0 Short Blades
 - Level 1.0 Throwing
 - Level 2.3 Dodging
 - Level 2.0 Spellcasting
 - Level 3.0 Translocations


You had 4 spell levels left.
You knew the following spells:

 Your Spells              Type           Power        Failure   Level  Hunger
g - Apportation           Tloc           ##........   8%          1    #......


Dungeon Overview and Level Annotations

Branches:
Dungeon (1/15)

Altars:


Innate Abilities, Weirdness & Mutations

You cannot wear most types of armour.
You are amphibious.
You can wear up to eight rings at the same time.
You can use your tentacles to constrict many enemies at once.
Your skin changes colour to match your surroundings (Stealth).
Your rubbery body absorbs attacks (AC +1).


Message History

Your squeeze misses the kobold. The kobold misses you.
You hit the kobold. Your grab misses the kobold. The kobold closely misses you.
You hit the kobold.
You kill the kobold!
You have reached level 2!
You regained 3 hp, and now have 13/19 hp.
MP restored: 4 You start resting.
You start waiting.
A goblin comes into view. It is wielding a club.
Health restored: 19 Unknown command.
A goblin is nearby!
A goblin is nearby!
A goblin is nearby!
The goblin shouts!
A giant newt comes into view.
The goblin closely misses you.
You closely miss the goblin. You grab the goblin. You constrict the goblin.
The goblin hits you but does no damage.
You hit the goblin but do no damage. You constrict the goblin.
You kill the goblin!
Things that are here:
a club; a goblin corpse You hit the giant newt.
Your grab misses the giant newt. You squeeze the giant newt.
You kill the giant newt!
No target in view!
No target in view!
No target in view!
There is a stone staircase leading down here.
Things that are here:
a short sword; a stone; a kobold corpse A hobgoblin comes into view.
A hobgoblin is nearby!
A hobgoblin is nearby!
A hobgoblin is nearby!
The hobgoblin shouts!
A rat and a goblin come into view.
The hobgoblin hits you.
You take 4 damage, and have 15/19 hp.
MASSIVE DAMAGE!!
The goblin shouts!
You hit the hobgoblin.
You kill the hobgoblin!
You see here a hobgoblin corpse.
The rat bites you but does no damage.
You barely miss the rat. Your grab misses the rat. The rat barely misses you.
You barely miss the rat. You grab the rat. You squeeze the rat.
You kill the rat!
You hit the goblin. You grab the goblin. You squeeze the goblin.
You kill the goblin! 2 jackals come into view.
The jackal barks!
The jackal barks!
A bat comes into view.
You see here a lumpy yellow potion.
i - a lumpy yellow potion The bat moves out of view.
The bat hits you. x2
You take 1 damage, and have 14/19 hp.
The bat closely misses you. The jackal bites you.
You take 2 damage, and have 12/19 hp.
The bat completely misses you. The jackal bites you.
You take 2 damage, and have 10/19 hp.
The bat hits you but does no damage. The jackal barely misses you.
The jackal closely misses you. The bat hits you but does no damage.
The bat misses you.
The jackal stops to sniff the ground.
The bat closely misses you. The bat hits you.
You take 1 damage, and have 9/19 hp.
You are too injured to fight recklessly!
You are too injured to fight recklessly!
You are too injured to fight recklessly!
You hit the bat.
You kill the bat!
Your Short Blades skill increases to level 3!
You hit the jackal but do no damage. Your grab misses the jackal.
The jackal bites you but does no damage.
The jackal bites you.
You take 3 damage, and have 6/19 hp.
You see here a hobgoblin corpse.
You barely miss the jackal. Your grab misses the jackal. The jackal bites you.
* * * LOW HITPOINT WARNING * * *
You take 2 damage, and have 4/19 hp.
You barely miss the jackal. Your grab misses the jackal.
Your squeeze misses the jackal. The jackal bites you.
* * * LOW HITPOINT WARNING * * *
The jackal barely misses you.
You take 2 damage, and have 2/19 hp.
You hit the jackal but do no damage. Your grab misses the jackal.
The jackal barely misses you.
Unknown command.
You hit the jackal.
You kill the jackal!
You miss the jackal. Your grab misses the jackal.
The jackal closely misses you. The jackal bites you.
You die...

........................##....
.......†).....(..(...##.##....
.#..........>...#...#...###.#.
##.....##.....##.#.#.#.# #..#
..............##.##### # ##.#
############..####<..### ##.#
#..###......###...
#.##<..###...##.#. #@##.###
##....... #h##<## ##.....#
#†##..# #....## . ##..##.##
#....## #.###....#..## ##....#
###........##..####...#..
............##...#....†.#
########.....###........#
#.......######.###


You could see a jackal.

Vanquished Creatures
  A bat (D:1)
  A hobgoblin (D:1)
  3 kobolds (D:1)
  2 giant newts (D:1)
  4 goblins (D:1)
  A jackal (D:1)
  2 rats (D:1)
14 creatures vanquished.

Notes
Turn   | Place    | Note
--------------------------------------------------------------
     0 | D:1      | RobertPalmer, the Octopode Warper, began the quest for the Orb.
     0 | D:1      | Reached XP level 1. HP: 14/14 MP: 3/3
   110 | D:1      | Reached XP level 2. HP: 13/19 MP: 4/4
   277 | D:1      | Reached skill level 3 in Short Blades
   280 | D:1      | HP: 4/19 [jackal (2)]
   284 | D:1      | Slain by a jackal

Action                   || total
-------------------------++-------
Melee: Short sword       ||    29
 Stab: Sleeping          ||     1

Vault maps used:
D:1:      dpeg_arrival_round_b

Table legend:
 A = Turns spent in this place as a percentage of turns spent in the entire game.
 B = Non-inter-level travel turns spent in this place as a percentage of non-inter-level travel turns spent in the entire game.
 C = Inter-level travel turns spent in this place as a percentage of turns spent in this place.
 D = Turns resting spent in this place as a percentage of non-inter-level travel turns spent in this place.
 E = Turns spent auto-exploring this place as a percentage of non-inter-level travel turns spent in this place.
 F = Non-inter-level travel turns spent in this place divided by the number of levels of this place that you've seen.
                   A       B       C       D       E      F
               +-------+-------+-------+-------+-------+----------------------
         Total | 100.0 | 100.0 |   0.0 |   1.9 |   5.7 | 157.0
       Dungeon | 100.0 | 100.0 |   0.0 |   1.9 |   5.7 | 157.0
               +-------+-------+-------+-------+-------+----------------------

Table legend:
 A = Kills in this place as a percentage of kills in entire the game.
 B = Kills by you in this place as a percentage of kills by you in the entire game.
 C = Kills by friends in this place as a percentage of kills by friends in the entire game.
 D = Other kills in this place as a percentage of other kills in the entire game.
 E = Experience gained in this place as a percentage of experience gained in the entire game.
 F = Experience gained in this place divided by the number of levels of this place that you have seen.
                   A       B       C       D       E      F
               +-------+-------+-------+-------+-------+----------------------
         Total | 100.0 | 100.0 |  -nan |  -nan | 100.0 |  20.0
       Dungeon | 100.0 | 100.0 |  -nan |  -nan | 100.0 |  20.0
               +-------+-------+-------+-------+-------+----------------------
